 Dungeon Crawl Stone Soup version 0.23.1 (webtiles) character file.

Game seed: 7643344193334004886

2408 Sjerrul the Protected (level 9, 0/81 HPs)
             Began as a Minotaur Fighter on Mar 15, 2019.
             Was an Initiate of the Shining One.
             Slain by a two-headed ogre
             ... wielding a +0 giant club
              (20 damage)
             ... on level 9 of the Dungeon.
             The game lasted 00:36:48 (7826 turns).

Sjerrul the Protected (Minotaur Fighter)            Turns: 7826, Time: 00:36:49

Health: 0/81       AC: 10    Str: 23    XL:     9   Next: 23%
Magic:  8/8        EV:  8    Int:  5    God:    the Shining One [......]
Gold:   449        SH: 11    Dex: 11    Spells: 8/8 levels left

rFire    . . .     SeeInvis .   a - +0 war axe
rCold    . . .     Gourm    .   c - +0 shield
rNeg     . . .     Faith    .   b - +0 scale mail
rPois    .         Spirit   .   (helmet restricted)
rElec    .         Reflect  .   (no cloak)
rCorr    .         Harm     .   T - +1 pair of gloves
MR       .....                  (no boots)
Stlth    ..........             i - amulet of regeneration
HPRegen  0.63/turn              (no ring)
MPRegen  0.11/turn              (no ring)

@: about to teleport, glowing
A: retaliatory headbutt, horns 2
a: Renounce Religion


You were on level 9 of the Dungeon.
You worshipped the Shining One.
The Shining One was noncommittal.
You were very hungry.

You visited 2 branches of the dungeon, and saw 10 of its levels.

You collected 449 gold pieces.

Inventory:

Hand Weapons
 a - a +0 war axe (weapon)
 e - a +2 scythe of protection
   (You took it off Sigmund on level 5 of the Dungeon)
 w - a +2 vampiric dagger {!w}
   (You took it off a kobold on level 1 of the Dungeon)
 B - a +1 whip of flaming {!w}
   (You found it on level 2 of the Dungeon)
 C - a +0 spear of venom
   (You took it off Robin on level 1 of the Dungeon)
 D - a +0 hunting sling
   (You found it on level 6 of the Dungeon)
 R - a +0 spear of flaming {!w}
   (You found it on level 4 of the Dungeon)
 S - a +2 whip of flaming
   (You took it off Pikel on level 3 of the Dungeon)
Missiles
 g - 62 sling bullets
 h - 171 arrows
 m - 267 stones (quivered)
 n - 6 javelins
 L - 49 bolts
 M - 9 poisoned needles
 U - 10 tomahawks
Armour
 b - a +0 scale mail (worn)
 c - a +0 shield (worn)
 l - a +0 cloak
   (You found it on level 6 of the Dungeon)
 T - a +1 pair of gloves (worn)
   (You found it on level 5 of the Dungeon)
Jewellery
 i - an amulet of regeneration (around neck)
   (You found it on level 3 of the Dungeon)
 t - an uncursed amulet of magic regeneration
   (You found it on level 1 of the Dungeon)
 E - an uncursed ring of wizardry {unknown}
   (You found it on level 6 of the Dungeon)
Wands
 F - a wand of flame (35)
   (You found it on level 3 of the Dungeon)
 I - a wand of iceblast (3) {@v2}
   (You found it on level 2 of the Dungeon)
Scrolls
 k - a scroll of enchant weapon {unknown}
 o - a scroll of blinking {unknown}
 r - 4 scrolls of remove curse {@r2}
 u - a scroll of teleportation {@r5!d}
 v - 3 scrolls of fear {@r3}
 x - a scroll of magic mapping
 y - 3 scrolls of enchant armour
 G - 4 scrolls of identify {@r1}
 O - a scroll of immolation {unknown}
 P - a scroll of noise {unknown}
 V - a scroll of brand weapon {unknown}
Potions
 d - a potion of might
 j - 3 potions of mutation {unknown}
 p - 3 potions of agility {unknown}
 q - 4 potions of heal wounds {@q2}
 s - a potion of flight {unknown}
 z - a potion of ambrosia {unknown}
 A - 2 potions of haste {unknown}
 H - a potion of brilliance {unknown}
 J - a potion of invisibility {unknown}
 K - a potion of cancellation {unknown}
 N - 4 potions of curing {unknown}
 Q - 2 potions of lignification
Comestibles
 f - 16 rations {!d}


   Skills:
 + Level 8.3 Fighting
 + Level 7.8 Axes
 + Level 8.3 Armour
 + Level 8.2 Shields


You had 8 spell levels left.
You didn't know any spells.
Your spell library was empty.

Dungeon Overview and Level Annotations

Branches:
Dungeon (9/15)             Temple (1/1) D:7
   Lair: D:8-11         Orc: D:9-12

Altars:
Ashenzari
Cheibriados
Dithmenos
Elyvilon
Fedhas
Gozag
Hepliaklqana
Kikubaaqudgha
Makhleb
Nemelex Xobeh
Okawaru
Qazlal
Sif Muna
Trog
Uskayaw
Vehumet
Wu Jian
Xom
Yredelemnul
Zin
The Shining One

Annotations:
D:6 3 runed translucent doors, guttsta's ghost, amateur VSFi
D:7 3 runed translucent doors, Bapho's ghost, novice MfGl


Innate Abilities, Weirdness & Mutations

You reflexively headbutt those who attack you in melee.
You have a pair of horns on your head.


Message History

Damage: -7%(-5hp) hp: 89%(72hp)
You hit the centaur.
You kill the centaur!
You hit the quokka skeleton. The quokka skeleton closely misses you.
You block the quokka skeleton's attack. The scorpion closely misses you.
Things that are here:
a +0 shortbow; 14 arrows You slash the scorpion!
You headbutt the scorpion!
The scorpion is almost dead.
You hit the quokka skeleton.
You destroy the quokka skeleton!
The Shining One accepts your kill. The scorpion barely misses you.
You closely miss the scorpion.
The scorpion is almost dead.
The scorpion closely misses you.
You hit the scorpion.
You kill the scorpion!
h - 167 arrows (gained 14)
You see here a +0 shortbow.
h - 168 arrows (gained 1)
h - 170 arrows (gained 2) HP restored.
h - 171 arrows (gained 1)
You now have 440 gold pieces (gained 15).
You hear the slow hiss of a very distant avalanche of sand.
You see here a +0 shortbow.
Found a war axe.
Found an escape hatch in the ceiling.
You now have 449 gold pieces (gained 9).
You see here a war axe.
A two-headed ogre comes into view. It is wielding two +0 giant clubs.
The two-headed ogre shouts in stereo!
You slash the two-headed ogre!
The two-headed ogre is moderately wounded.
You block the two-headed ogre's attack.
The two-headed ogre hits you with a +0 giant club!
Damage: -9%(-8hp) hp: 91%(73hp)
You hit the two-headed ogre.
The two-headed ogre is moderately wounded.
The two-headed ogre hits you with a +0 giant club.
You block the two-headed ogre's attack.
Damage: -4%(-3hp) hp: 87%(70hp)
You closely miss the two-headed ogre.
The two-headed ogre is moderately wounded.
The two-headed ogre hits you with a +0 giant club!! x2
* * * LOW HITPOINT WARNING * * *
Huge Dmg: -59%(-48hp) hp: 28%(22hp)
Found a stone staircase leading down.
Found 3 tomahawks.
Found a ration.
A necrophage comes into view.
Found a scroll labeled XYGETUSM ETHRIB.
An orc comes into view. It is wielding a +0 hand axe.
The orc shouts!
You hear an angry hiss.
You hear a shout! x2
An orc wizard comes into view. It is wielding a +0 dagger.
An ogre comes into view. It is wielding a +0 giant spiked club.
A hippogriff comes into view.
You hear a shout!
You hear the slow hiss of a distant avalanche of sand.
The hippogriff screeches!
The ogre shouts!
An adder comes into view.
There is a stone staircase leading down here.
The two-headed ogre hits you with a +0 giant club.
* * * LOW HITPOINT WARNING * * *
You block the two-headed ogre's attack.
You climb downwards.
Found a scroll labeled HOUG FACAFRAJ and two ring mails.
There is a stone staircase leading up here.
Damage: -5%(-4hp) hp: 47%(38hp)
You slash the two-headed ogre! You headbutt the two-headed ogre.
The two-headed ogre is moderately wounded.
The two-headed ogre hits you but does no damage.
You block the two-headed ogre's attack.
You hit the two-headed ogre but do no damage.
You headbutt the two-headed ogre!
The two-headed ogre is heavily wounded.
You block the two-headed ogre's attack.
The two-headed ogre hits you with a +0 giant club!
* * * LOW HITPOINT WARNING * * *
Huge Dmg: -18%(-14hp) hp: 31%(25hp)
You feel much better.
You hit the two-headed ogre but do no damage.
You headbutt the two-headed ogre!
The two-headed ogre is severely wounded.
The two-headed ogre barely misses you. You furiously retaliate!
You headbutt the two-headed ogre.
The two-headed ogre hits you with a +0 giant club!
* * * LOW HITPOINT WARNING * * *
Huge Dmg: -19%(-16hp) hp: 33%(26hp)
You slash the two-headed ogre!
The two-headed ogre is almost dead.
You block the two-headed ogre's attack.
The two-headed ogre hits you with a +0 giant club!
* * * LOW HITPOINT WARNING * * *
Huge Dmg: -21%(-17hp) hp: 12%(9hp)
As you read the scroll of teleportation {@r5!d}, it crumbles to dust.
You feel strangely unstable.
The two-headed ogre hits you with a +0 giant club!!
You die...

#..# ....
...#+#..# #.#
........# #.#
......[.# #.#
........# #.#
.<......# #.#
........# #.#
.....?..# #.#
........# #@#
........########O#
.................#
##################


You could see a two-headed ogre.

Vanquished Creatures
  Pikel (D:3)
  Sigmund (D:5)
  A slave (D:5)
  An ogre (D:6)
  2 ice beasts
  A phantom (D:7)
  3 centaurs
  2 bullfrogs
  5 scorpions
  2 howler monkeys
  A crimson imp (D:7)
  A centaur zombie (D:6)
  2 jellies
  2 bullfrog zombies
  2 bullfrog skeletons
  A hound (D:7)
  An orc wizard (D:6)
  Jessica (D:1)
  5 iguanas
  2 worker ants
  A hound zombie (D:5)
  Robin (D:1)
  9 adders
  3 shadow imps
  2 oozes
  An adder zombie (D:7)
  3 worms
  6 leopard geckos
  13 orcs
  2 ball pythons
  6 giant cockroaches
  13 goblins
  14 hobgoblins
  15 jackals
  8 kobolds
  5 quokkas
  8 bats
  8 frilled lizards
  A leopard gecko skeleton (D:6)
  A leopard gecko zombie (D:7)
  2 quokka skeletons
  14 rats
173 creatures vanquished.

Vanquished Creatures (others)
  A slave (D:5)
1 creature vanquished.

Grand Total: 174 creatures vanquished

Notes
Turn   | Place    | Note
-------+----------+-------------------------------------------
     0 | D:1      | Sjerrul the Minotaur Fighter began the quest for the Orb.
     0 | D:1      | Reached XP level 1. HP: 19/19 MP: 0/0
   246 | D:1      | Reached XP level 2. HP: 24/27 MP: 1/1
   627 | D:1      | Reached XP level 3. HP: 33/33 MP: 2/2
  1150 | D:2      | Found a bloodstained altar of Trog.
  1212 | D:2      | Reached XP level 4. HP: 40/40 MP: 3/3
  1223 | D:2      | Noticed Robin
  1247 | D:2      | Noticed Jessica
  1303 | D:1      | Killed Robin
  1457 | D:1      | Killed Jessica
  1547 | D:2      | Found a faded altar of an unknown god.
  1714 | D:2      | Reached XP level 5. HP: 41/47 MP: 4/4
  2201 | D:3      | Reached skill level 5 in Armour
  2649 | D:3      | Reached skill level 5 in Fighting
  2649 | D:3      | Reached skill level 5 in Shields
  3250 | D:4      | Reached XP level 6. HP: 56/56 MP: 5/5
  3608 | D:5      | Entered Level 5 of the Dungeon
  3742 | D:5      | Noticed a slave
  3742 | D:5      | Noticed a slave
  3742 | D:5      | Noticed a slave
  3743 | D:5      | Noticed Pikel
  3743 | D:5      | Noticed a slave
  3771 | D:5      | HP: 22/56 [slave[Pikel] (7)]
  3774 | D:5      | Killed a slave
  4161 | D:5      | HP: 22/56 [Pikel/+2 whip of flaming (2)]
  4188 | D:4      | HP: 21/56 [Pikel/+2 whip of flaming (2)]
  4191 | D:4      | HP: 8/56 [Pikel/+2 whip of flaming (4)]
  4284 | D:3      | HP: 22/56 [Pikel/+2 whip of flaming (1)]
  4285 | D:3      | Killed Pikel
  4285 | D:3      | Reached skill level 5 in Axes
  4285 | D:3      | Reached XP level 7. HP: 24/64 MP: 6/6
  4811 | D:5      | Reached XP level 8. HP: 71/71 MP: 7/7
  4846 | D:5      | Noticed Sigmund
  4887 | D:5      | Killed Sigmund
  5358 | D:6      | Found a shimmering altar of Xom.
  5537 | D:6      | Found an iron altar of Okawaru.
  5591 | D:6      | Found a runed translucent gate.
  5591 | D:6      | Found a runed translucent gate.
  5591 | D:6      | Found a runed translucent gate.
  5907 | D:6      | Noticed guttsta's ghost (amateur VSFi)
  6113 | D:6      | Found a runed translucent gate.
  6114 | D:6      | Found a runed translucent gate.
  6293 | D:6      | Found an iron altar of Okawaru.
  6364 | D:6      | Found a runed translucent gate.
  6402 | D:6      | Found a shimmering altar of Xom.
  6995 | D:7      | Reached XP level 9. HP: 73/81 MP: 8/8
  7080 | D:7      | Found a staircase to the Ecumenical Temple.
  7128 | D:7      | Found a runed translucent gate.
  7128 | D:7      | Noticed Bapho's ghost (novice MfGl)
  7129 | D:7      | Found a runed translucent gate.
  7129 | D:7      | Found a runed translucent gate.
  7537 | Temple   | Entered the Ecumenical Temple
  7643 | Temple   | Became a worshipper of the Shining One
  7765 | D:8      | Noticed a two-headed ogre
  7770 | D:8      | HP: 22/81 [two-headed ogre/+0 giant club (20)]
  7806 | D:9      | HP: 25/81 [two-headed ogre/+0 giant club (14)]
  7809 | D:9      | HP: 9/81 [two-headed ogre/+0 giant club (17)]
  7826 | D:9      | Slain by a two-headed ogre

Skill      XL: |  1  2  3  4  5  6  7  8  9 |
---------------+----------------------------+-----
Fighting       | 4 5 6 7 8 |  8.3
Armour         | 4 5 6 8 |  8.3
Shields        | 4 5 6 7 8 |  8.2
Axes           | 3 4 5 6 7 |  7.8

Action                   |  1- 3 |  4- 6 |  7- 9 || total
-------------------------+-------+-------+-------++-------
Melee: War axe           |   113 |   220 |   186 ||   519
       Headbutt          |    12 |    30 |    35 ||    77
Throw: Tomahawk          |       |     2 |     2 ||     4
  Use: Scroll            |       |     3 |    12 ||    15
       Potion            |       |       |     2 ||     2
  Eat: Chunk             |     1 |     6 |     4 ||    11
       Ration            |       |     1 |     2 ||     3
Armor: Scale mail        |    50 |   112 |    67 ||   229
Dodge: Dodged            |    35 |    73 |    61 ||   169
Block: Shield            |    61 |   139 |   104 ||   304
